 Dungeon Crawl Stone Soup version 0.25.0-1-g7eea58d2a3 (webtiles) character file.

Game seed: 2876501205770506813

77 LohmatiyShmel the Ruffian (level 4, 0/29 HPs)
             Began as a Gargoyle Monk on June 15, 2020.
             Slain by a gnoll (1 damage)
             ... on level 2 of the Dungeon.
             The game lasted 00:09:03 (1336 turns).

LohmatiyShmel the Ruffian (Gargoyle Monk)           Turns: 1336, Time: 00:09:03

Health: 0/29       AC: 10    Str: 16    XL:     4   Next: 33%
Magic:  4/4        EV: 11    Int: 10    God:
Gold:   52         SH:  0    Dex: 12    Spells: 3/3 levels left

rFire    . . .     SeeInvis .     - Unarmed
rCold    . . .     Gourm    .   (no shield)
rNeg     + . .     Faith    .   m - +0 ring mail
rPois    ∞         Spirit   .   (no helmet)
rElec    +         Reflect  .   (no cloak)
rCorr    .         Harm     .   (no gloves)
MR       .....                  h - +0 pair of boots
Stlth    +.........             (no amulet)
HPRegen  0.09/turn              (no ring)
MPRegen  0.09/turn              (no ring)

@: no status effects
A: negative energy resistance 1, electricity resistance, unbreathing,
petrification resistance, rot immunity, AC +3
a: no special abilities


You were on level 2 of the Dungeon.
You were not hungry.

You visited 1 branch of the dungeon, and saw 2 of its levels.

You collected 52 gold pieces.

Inventory:

Hand Weapons
 f - a +0 whip
 l - a cursed -1 mace
Armour
 a - a +0 robe
 h - a +0 pair of boots (worn)
 i - a +0 leather armour
 m - a +0 ring mail (worn)
 n - a +0 leather armour
Scrolls
 k - a scroll of teleportation
Potions
 d - a potion of stabbing {unknown}
 e - a potion of mutation {unknown}
 g - a potion of invisibility {unknown}
 j - a potion of might {unknown}
Comestibles
 b - 2 rations
 c - 3 chunks of flesh


   Skills:
 + Level 3.7 Fighting
 * Level 1.8 Armour
 + Level 2.7 Dodging
 + Level 2.5 Stealth
 + Level 3.8 Unarmed Combat


You had 3 spell levels left.
You didn't know any spells.
Your spell library was empty.

Dungeon Overview and Level Annotations

Branches:
Dungeon (2/15)

Altars:


Innate Abilities, Weirdness & Mutations

You are resistant to torment.
Your stone body is resilient. (AC +3)
You are immune to poison.
You resist negative energy. (rN+)
You are resistant to electric shocks. (rElec)
You can survive without breathing.
You are immune to petrification.
You are immune to rotting.


Message History

The gnoll is severely wounded.
The gnoll hits you with a +0 halberd!
* * * LOW HITPOINT WARNING * * *
You hit the gnoll.
You kill the gnoll!
You closely miss the gnoll. The gnoll barely misses you.
You barely miss the gnoll. The gnoll closely misses you.
You hit the gnoll but do no damage. The gnoll barely misses you.
You barely miss the gnoll. The gnoll barely misses you.
You hit the gnoll.
The gnoll is lightly wounded.
The gnoll closely misses you.
You hit the gnoll.
The gnoll is heavily wounded.
The gnoll hits you.
* * * LOW HITPOINT WARNING * * *
You hit the gnoll but do no damage.
The gnoll is heavily wounded.
The gnoll hits you.
You die...

#### ...# ##.# ##.#
##.# ##.##########
'............
#..########.#######
#...)...........@.#
#...#######.#####g#
#####
#....÷.####'###
#.###......
#.#.##........#
#.))..#
#+#...........#
#####.#
.....#........# .g
.....#........# .#
.....##.......# #
..............#


You could see a gnoll.

Vanquished Creatures
  2 gnolls (D:2)
  3 adders (D:2)
  A dart slug (D:1)
  2 ball pythons (D:2)
  2 bats (D:2)
  A giant cockroach (D:2)
  2 goblins
  4 hobgoblins
  2 kobolds
  2 quokkas (D:2)
  5 frilled lizards
  2 rats
28 creatures vanquished.

Notes
Turn   | Place    | Note
-------+----------+-------------------------------------------
     0 | D:1      | LohmatiyShmel the Gargoyle Monk began the quest for the
                  | Orb.
     0 | D:1      | Reached XP level 1. HP: 14/14 MP: 1/1
   360 | D:1      | Reached XP level 2. HP: 14/19 MP: 2/2
   804 | D:2      | Reached skill level 1 in Armour
   804 | D:2      | Reached XP level 3. HP: 18/23 MP: 3/3
  1291 | D:2      | Reached XP level 4. HP: 19/29 MP: 4/4
  1335 | D:2      | HP: 1/29 [gnoll (6)]
  1336 | D:2      | Slain by a gnoll

Illustrated notes

Levels and vault maps discovered:
D:1:      minmay_arrival_four_houses, layout_loops_ring, serial_glass,
          glass_columns_a, glass_columns_a, due_unseen_surprise,
          minmay_pentomino_p2
D:2:      layout_basic, minmay_rat_hole

Skill      XL: |  1  2 |
---------------+-------+-----
Armour         | 1 |  1.8
Fighting       | |  3.7
Dodging        | |  2.7
Stealth        | |  2.5
Unarmed Combat | |  3.8

Action                   |  1- 3 |  4- 6 || total
-------------------------+-------+-------++-------
Melee: Unarmed           |    92 |    18 ||   110
  Use: Scroll            |     2 |       ||     2
 Stab: Sleeping          |     3 |       ||     3
  Eat: Chunk             |     1 |       ||     1
Armor: Robe              |     5 |       ||     5
       Ring mail         |    20 |       ||    20
Dodge: Dodged            |    49 |    12 ||    61
